 Dungeon Crawl Stone Soup version 0.24-a0-537-g2d01d4ab0a (webtiles) character file.

Game seed: 16465363503568668579

116 Gargoyl the Skirmisher (level 4, -3/38 HPs)
             Began as a Centaur Abyssal Knight on Aug 13, 2019.
             Was a Believer of Lugonu.
             Slain by Natasha (5 damage)
             ... on level 2 of the Dungeon.
             The game lasted 00:02:51 (2112 turns).

Gargoyl the Skirmisher (Centaur Abyssal Knight)     Turns: 2112, Time: 00:02:51

Health: -3/38      AC:  7    Str: 15    XL:     4   Next: 69%
Magic:  5/5        EV:  1    Int: 11    God:    Lugonu [**....]
Gold:   97         SH:  7    Dex:  9    Spells: 3/3 levels left

rFire    + . .     SeeInvis .   a - +1 hand axe
rCold    . . .     Gourm    .   j - +1 shield
rNeg     . . .     Faith    .   d - +0 chain mail
rPois    .         Spirit   .   (no helmet)
rElec    .         Reflect  .   (no cloak)
rCorr    .         Harm     .   (no gloves)
MR       .....                  (no barding)
Stlth    ..........             (no amulet)
HPRegen  0.12/turn              (no ring)
MPRegen  0.09/turn              k - ring of protection from fire

@: very quick
A: large, hooves 3, deformed body, speed 2, tough skin 3
a: Depart the Abyss, Bend Space, Renounce Religion


You were on level 2 of the Dungeon.
You worshipped Lugonu.
Lugonu was pleased with you.
You were not hungry.

You visited 1 branch of the dungeon, and saw 2 of its levels.
You visited the Abyss 1 time.

You collected 97 gold pieces.

Inventory:

Hand Weapons
 a - a +1 hand axe (weapon)
Armour
 d - a +0 chain mail (worn)
 j - a +1 shield (worn)
Jewellery
 k - a ring of protection from fire (right hand)
Scrolls
 c - 2 scrolls of identify
Potions
 b - a potion of flight
 f - a potion of curing
 h - a potion of lignification {unknown}
Comestibles
 l - 2 rations


   Skills:
 + Level 3.5 Fighting
 + Level 2.6 Axes
 * Level 2.3 Armour
 * Level 1.1 Dodging
 + Level 0.2 Shields
 * Level 2.6 Invocations


You had 3 spell levels left.
You didn't know any spells.
Your spell library contained the following spells:

 Spells                   Type           Power        Failure   Level  Hunger
 Magic Dart               Conj           #...         100%        1    ##.....
 Blink                    Tloc           N/A          100%        2    ###....
 Call Imp                 Summ           #.......     100%        2    ###....
 Slow                     Hex            #.......     100%        2    ###....
 Conjure Flame            Conj/Fire      #.......     100%        3    ####...
 Mephitic Cloud           Conj/Pois/Air  #.......     100%        3    ####...


Dungeon Overview and Level Annotations

Branches:
Dungeon (2/15)

Altars:

Annotations:
D:2 Natasha


Innate Abilities, Weirdness & Mutations

You have hooves in place of feet.
Armour fits poorly on your strangely shaped body.
You cover ground very quickly.
You have extremely tough skin. (AC +3)


Message History

Natasha mumbles some strange words.
Your chain mail prevents you from hitting Natasha.
You kick Natasha.
Natasha is severely wounded.
Natasha claws you.
You closely miss Natasha. You kick Natasha, but do no damage.
Natasha is severely wounded.
Natasha howls an incantation.
Natasha's front paws start to glow.
Natasha claws you but does no damage.
You hit Natasha.
Natasha is severely wounded.
You block Natasha's attack. The shadow imp gestures at you.
Pain shoots through your body!
* * * LOW HITPOINT WARNING * * *
You closely miss Natasha.
Natasha is severely wounded.
Natasha claws you.
You die...

..........,,,,+,,...***,*,*******
......#########.,...#.,,*,,,,,,,,
......##,,,..<..,..,.,,,*********
......##.**#....,...#,,.*
......##.###...##'#.##..*
......##........#.......*
......##........#.#..)..*********
#..#....................,,,,,,,,,
....#,**#.......@.#,,,,**********
##.##,* #.....5h###..,,,,,**
...#*,* #............,,,,,,*
.###*,* #.......#####,,,,,,******
..# *,* ##.#.........,,,,,,,,,,,,
#.##*,* #.#..#######,,,,,,*****,
#..#*,* #,#..# *,,,,,,* *,
##.#*,* *,#..### *,,,,,,* *,
#.#*,* *,#....# *,,,,,,* *,


You could see Natasha and a shadow imp.

Vanquished Creatures
  Natasha (D:2)
  4 adders (D:2)
  A worm (D:2)
  A leopard gecko (D:2)
  A giant cockroach (D:1)
  3 goblins (D:1)
  9 hobgoblins
  9 jackals
  9 kobolds
  2 bats (D:1)
  4 frilled lizards
  6 rats
50 creatures vanquished.

Vanquished Creatures (others)
  4 toadstools (D:1)
4 creatures vanquished.

Grand Total: 54 creatures vanquished

Notes
Turn   | Place    | Note
-------+----------+-------------------------------------------
     0 | Abyss:1  | Gargoyl the Centaur Abyssal Knight began the quest for the
                  | Orb.
     0 | Abyss:1  | Reached XP level 1. HP: 19/19 MP: 2/2
    42 | Abyss:2  | Noticed a small abomination
    48 | Abyss:2  | Noticed a starcursed mass
    58 | Abyss:2  | Noticed an orb spider
   118 | Abyss:2  | Noticed a wraith
   136 | Abyss:2  | Noticed a thrashing horror
   136 | Abyss:2  | Noticed a sixfirhy
   139 | D:1      | Escaped the Abyss
   239 | D:1      | Reached * piety under Lugonu
   245 | D:1      | Reached XP level 2. HP: 19/26 MP: 3/3
   382 | D:1      | Reached skill level 1 in Dodging
   724 | D:1      | Reached XP level 3. HP: 31/31 MP: 4/4
  1266 | D:2      | Noticed Natasha
  1276 | D:2      | Killed Natasha
  1276 | D:2      | Reached XP level 4. HP: 29/38 MP: 5/5
  1798 | D:2      | Reached ** piety under Lugonu
  2092 | D:2      | Noticed Natasha
  2112 | D:2      | Slain by Natasha

Levels and vault maps discovered:
D:1:      ldierk_walled_garden_2, layout_rooms
D:2:      layout_basic, uniq_natasha

Skill      XL: |  1  2  3 |
---------------+----------+-----
Axes           | 2 |  2.6
Dodging        | 1 |  1.1
Armour         | 2 |  2.3
Fighting       | |  3.5
Shields        | |  0.2
Invocations    | |  2.6

Action                   |  1- 3 |  4- 6 || total
-------------------------+-------+-------++-------
Melee: Hand axe          |    95 |    61 ||   156
       Kick              |    21 |    13 ||    34
Invok: Depart the Abyss  |     1 |       ||     1
  Use: Scroll            |     2 |     5 ||     7
       Potion            |     2 |       ||     2
  Eat: Ration            |     1 |       ||     1
Armor: Chain mail        |    99 |    55 ||   154
Dodge: Dodged            |    26 |     6 ||    32
Block: Shield            |    29 |    26 ||    55

Table legend:
 A = Non-vault XP
 B = Vault XP
 C = Vault XP percentage of total XP
 D = Non-vault monster count
 E = Vault monster count
 F = Vault count percentage of total count
                 A         B        C        D         E       F
            +---------+---------+-------+---------+---------+-------
      Total |     130 |      36 |  21.7 |      49 |       1 |   2.0
            +---------+---------+-------+---------+---------+-------
        D:1 |      46 |       0 |   0.0 |      28 |       0 |   0.0
        D:2 |      84 |      36 |  30.0 |      21 |       1 |   4.5
            +---------+---------+-------+---------+---------+-------
